 Dungeon Crawl Stone Soup version 0.30.0-5-g1a98f26d00 (webtiles) character file.

Game seed: 1268920039144815809

1075 SnakkuSnakku7 the Poker (level 8, -2/44 HPs)
             Began as a Deep Elf Transmuter on May 11, 2023.
             Was a Follower of Nemelex Xobeh.
             Slain by a killer bee (3 damage)
             ... on level 7 of the Dungeon.
             The game lasted 00:06:52 (5199 turns).

SnakkuSnakku7 the Poker (Deep Elf Transmuter)       Turns: 5199, Time: 00:06:53

Health: -2/44      AC:  7    Str: 11    XL:     8   Next: 8%
Magic:  13/14      EV: 11    Int: 19    God:    Nemelex Xobeh [*.....]
Gold:   475        SH:  0    Dex: 15    Spells: 12/13 levels left

rFire   . . .        a - +0 demon trident (elec)
rCold   . . .        (no shield)
rNeg    . . .        l - +0 ring mail
rPois   .            (helmet currently unavailable)
rElec   .            (no cloak)
rCorr   .            s - +1 pair of gloves of Grot {Str+2 Stlth+}
SInv    .            (boots currently unavailable)
Will    .....        (no amulet)
Stlth   ++           (no ring)
HPRegen 0.27/turn    (no ring)
MPRegen 0.14/turn

%: no passive effects
@: lethally poisoned (-2 -> -9), appendages (expiring)
A: horns 2, talons 2
a: End Transformation, Renounce Religion, Draw Escape, Draw Destruction, Draw
Summoning


You were on level 7 of the Dungeon.
You worshipped Nemelex Xobeh.
Nemelex Xobeh was aware of your devotion.
You had temporarily grown beastly horns and talons.
You visited 1 branch of the dungeon, and saw 7 of its levels.

You collected 475 gold pieces.

Inventory:

Hand Weapons
 a - a +0 demon trident of electrocution (weapon)
 e - a +0 dagger
 h - a +0 rapier
Armour
 i - a +0 robe
 l - a +0 ring mail (worn)
 s - the +1 pair of gloves of Grot (worn) {Str+2 Stlth+}
   (You found it on level 4 of the Dungeon)

   Str:       It affects your strength (+2).
   Stlth:     It makes you more stealthy.
Jewellery
 g - a ring of ice
Wands
 t - a wand of quicksilver (5)
 v - a wand of digging (7)
Scrolls
 b - a scroll of butterflies {unknown}
 c - a scroll of amnesia
 j - 2 scrolls of blinking {unknown}
 k - a scroll of teleportation {unknown}
 m - 2 scrolls of enchant weapon {unknown}
 p - a scroll of immolation {unknown}
 r - a scroll of fog {unknown}
 u - a scroll of enchant armour {unknown}
Potions
 d - 2 potions of heal wounds
 f - 2 potions of mutation
 n - 2 potions of magic
 o - a potion of resistance
 q - a potion of brilliance
 w - a potion of curing


   Skills:
 - Level 1.9 Fighting
 + Level 6.9 Polearms
 - Level 2.4 Dodging
 - Level 2.4 Unarmed Combat
 - Level 3.0 Spellcasting
 - Level 2.1 Transmutations


You had 12 spell levels left.
You knew the following spells:

 Your Spells              Type           Power      Damage    Failure   Level
a - Beastly Appendage     Tmut           22%        N/A       16%         1

Your spell library contained the following spells:

 Spells                   Type           Power      Damage    Failure   Level
 Wereblood                Tmut           11%        N/A       22%         2
 Summon Small Mammal      Summ           8%         N/A       36%         1
 Blink                    Tloc           4%         N/A       50%         2
 Cigotuvi's Dreadful Rot  Necr/Pois/Air  4%         N/A       50%         2
 Spider Form              Tmut/Pois      7%         N/A       56%         3
 Call Canine Familiar     Summ           2%         N/A       73%         3
 Summon Guardian Golem    Hex/Summ       2%         N/A       73%         3
 Ice Form                 Ice/Tmut       7%         N/A       93%         4
 Dispel Undead            Necr           2%         3d7       98%         4
 Manifold Assault         Tloc           2%         N/A       98%         4
 Death Channel            Necr           1%         N/A       100%        6
 Storm Form               Tmut/Air       3%         N/A       100%        7


Dungeon Overview and Level Annotations

Branches:
Dungeon (7/15)             Temple (0/1) D:5

Altars:
Elyvilon
Nemelex Xobeh
Trog

Annotations:
D:5 Dowan, Duvessa


Innate Abilities, Weirdness & Mutations

You have temporarily grown beastly horns and talons.


Message History

You hit the killer bee but do no damage.
Lightning courses through the killer bee!!
You kill the killer bee!
The killer bee misses you.
The killer bee stings you but does no damage.
The killer bee stings you.
You are poisoned.
The killer bee poisons you! The killer bee misses you.
You have reached level 8!
You feel clever.
You feel sick. The killer bee closely misses you. The killer bee stings you!
The killer bee stings you but does no damage.
The killer bee attacks as you move away!
The killer bee stings you but does no damage.
You feel sick.
Unknown command.
You miss the killer bee. You claw the killer bee.
The killer bee is moderately wounded.
You feel sick. The killer bee barely misses you.
The killer bee closely misses you.
You hit the killer bee. Your kick misses the killer bee.
Your headbutt misses the killer bee.
The killer bee is heavily wounded.
Your transformation is almost over.
You feel sick. The killer bee stings you. x2
You puncture the killer bee!
You kill the killer bee!
You feel sick. The killer bee stings you.
* * * LOW HITPOINT WARNING * * *
You hit the killer bee but do no damage.
Your kick misses the killer bee. Your headbutt misses the killer bee.
You feel sick. The killer bee closely misses you. The killer bee stings you.
* * * LOW HITPOINT WARNING * * *
You are lethally poisoned!
The killer bee poisons you!
You closely miss the killer bee.
* * * LOW HITPOINT WARNING * * *
You feel sick. The killer bee stings you.
You die...
Your body glows slightly and disappears.

#### #..
.##.###.#
....y.yy#
###.###y#
###@#
#...#
#<### ###


You could see 3 killer bees.

Vanquished Creatures
  An ogre (D:6)
  A centaur (D:6)
  2 phantoms
  A bullfrog (D:6)
  3 scorpions
  2 killer bees (D:7)
  6 hounds
  A jelly (D:6)
  An orc priest (D:2)
  An iguana (D:4)
  An orc wizard (D:3)
  3 adders
  2 ufetubi
  5 worms
  2 dart slugs
  6 orcs
  A bat (D:1)
  6 endoplasms
  A giant cockroach (D:1)
  9 goblins
  4 hobgoblins
  7 jackals (D:5)
  8 kobolds
  4 quokkas
  6 ball pythons
  A frilled lizard (D:2)
  5 rats
90 creatures vanquished.

Notes
Turn   | Place    | Note
-------+----------+-------------------------------------------
     0 | D:1      | SnakkuSnakku7 the Deep Elf Transmuter began the quest for
                  | the Orb.
     0 | D:1      | Reached XP level 1. HP: 11/11 MP: 6/6
    13 | D:1      | Reached skill level 1 in Fighting
    84 | D:1      | Reached XP level 2. HP: 17/17 MP: 6/8
   183 | D:1      | You fall into a shaft and drop 1 floor!
   532 | D:1      | Reached skill level 1 in Polearms
   747 | D:1      | Reached XP level 3. HP: 21/21 MP: 9/9
  1550 | D:3      | Reached skill level 2 in Polearms
  1598 | D:3      | Reached XP level 4. HP: 20/26 MP: 10/10
  2104 | D:3      | Reached skill level 3 in Polearms
  2147 | D:4      | Noticed a scorpion
  2183 | D:4      | Reached XP level 5. HP: 26/30 MP: 11/11
  2220 | D:4      | Found a sparkling altar of Nemelex Xobeh.
  2678 | D:4      | Identified the +1 pair of gloves of Grot {Str+2 Stlth+}
  3204 | D:2      | Reached skill level 4 in Polearms
  3204 | D:2      | Reached XP level 6. HP: 19/35 MP: 12/12
  3336 | D:5      | Entered Level 5 of the Dungeon
  3424 | D:4      | Became a worshipper of Nemelex Xobeh the Trickster
  3579 | D:5      | Noticed Duvessa
  3579 | D:5      | Noticed Dowan
  3899 | D:5      | Found a bloodstained altar of Trog.
  3915 | D:5      | Reached skill level 5 in Polearms
  3964 | D:5      | Found a staircase to the Ecumenical Temple.
  3985 | D:5      | Reached XP level 7. HP: 39/39 MP: 13/13
  4297 | D:6      | Found a white marble altar of Elyvilon.
  4316 | D:6      | Reached skill level 6 in Polearms
  4450 | D:6      | Reached * piety under Nemelex Xobeh
  5193 | D:7      | Reached XP level 8. HP: 39/44 MP: 12/14
  5199 | D:7      | HP: 1/44 [poisoned by a killer bee]
  5199 | D:7      | Slain by a killer bee

Illustrated notes

Levels and vault maps discovered:
D:1:      wander_arrival_desolate, layout_basic
D:2:      layout_loops_cross, minivault_23, minmay_unequal
D:3:      layout_basic
D:4:      layout_loops_corners, mainiacjoe_overflow_brackets
D:5:      layout_rooms, trog_three_pillars_becter, minmay_temple_entry_trees,
          uniq_duvessa
D:6:      layout_basic, elyvilon_altar_3, minmay_gold_behind_fungi
D:7:      layout_basic, nicolae_qazlal_style_of_elements, kennysheep_mini_moat,
          overflow_temple_1_default, enter_bailey_6, serial_shops,
          nicolae_shop_waterfront, kennysheep_generic_room_8

Skill      XL: |  1  2  3  4  5  6  7 |
---------------+----------------------+-----
Fighting       | 1 |  1.9
Polearms       | 1 2 3 4 5 6 |  6.9
Dodging        | |  2.4
Unarmed Combat | |  2.4
Spellcasting   | |  3.0
Transmutations | |  2.1

Action                     |  1- 3 |  4- 6 |  7- 9 || total
---------------------------+-------+-------+-------++-------
  Melee: Unarmed           |    19 |       |       ||    19
         Kick              |    12 |       |     5 ||    17
         Headbutt          |     8 |     1 |     2 ||    11
         Demon trident     |    68 |   126 |    53 ||   247
         Dagger            |    13 |       |       ||    13
         Punch             |       |       |     1 ||     1
   Cast: Beastly Appendage |     7 |     1 |     4 ||    12
  Evoke: Wand              |       |       |     2 ||     2
    Use: Scroll            |     3 |     2 |     2 ||     7
         Potion            |     1 |     1 |       ||     2
   Stab: Sleeping          |     2 |     1 |     2 ||     5
 Armour: Robe              |     7 |       |       ||     7
         Ring mail         |     6 |    57 |    20 ||    83
  Dodge: Dodged            |    60 |    76 |    40 ||   176
